 Dungeon Crawl Stone Soup version 0.23.2-1-ga50397a (webtiles) character file.

Game seed: 10101027490671221439

32 Iscandelvey the Vexing (level 3, 21/26 HPs)
             Began as a Demonspawn Arcane Marksman on Apr 30, 2019.
             Quit the game on level 1 of the Dungeon.
             The game lasted 00:01:12 (604 turns).

Iscandelvey the Vexing (Demonspawn Arcane Marksman)  Turns: 604, Time: 00:01:12

Health: 21/26      AC:  3    Str: 10    XL:     3   Next: 8%
Magic:  4/4        EV: 11    Int: 15    God:
Gold:   34         SH:  3    Dex: 15    Spells: 3/4 levels left

rFire    . . .     SeeInvis .   a - +0 hand crossbow
rCold    . . .     Gourm    .   g - +0 buckler
rNeg     . . .     Faith    .   e - +0 robe
rPois    .         Spirit   .   (no helmet)
rElec    .         Reflect  .   (no cloak)
rCorr    .         Harm     .   (no gloves)
MR       .....                  c - +0 pair of boots (curse)
Stlth    ++........             (no amulet)
HPRegen  0.08/turn              (no ring)
MPRegen  0.09/turn              (no ring)

@: no status effects
A: thin skeletal structure 1
a: no special abilities


You were on level 1 of the Dungeon.
You were not hungry.

You visited 1 branch of the dungeon, and saw 1 of its levels.

You collected 34 gold pieces.

Inventory:

Hand Weapons
 a - a +0 hand crossbow (weapon)
Missiles
 d - 12 bolts (quivered)
Armour
 c - a cursed +0 pair of boots (worn)
 e - a +0 robe (worn)
 g - a +0 buckler (worn)
Scrolls
 h - a scroll of magic mapping {unknown}
 i - a scroll of identify {unknown}
Potions
 b - a potion of resistance {unknown}
Comestibles
 f - 2 rations


   Skills:
 + Level 1.3 Fighting
 + Level 2.3 Crossbows
 + Level 1.8 Dodging
 + Level 1.0 Spellcasting
 + Level 3.7 Hexes


You had 3 spell levels left.
You knew the following spells:

 Your Spells              Type           Power        Failure   Level  Hunger
a - Corona                Hex            ##.....      9%          1    ##.....

Your spell library contained the following spells:

 Spells                   Type           Power        Failure   Level  Hunger
 Slow                     Hex            ##......     13%         2    ###....
 Inner Flame              Hex/Fire       #.......     50%         3    ####...
 Portal Projectile        Hex/Tloc       #.....       50%         3    ####...
 Cause Fear               Hex            ##........   65%         4    #####..
 Leda's Liquefaction      Hex/Erth       #.........   88%         4    #####..


Dungeon Overview and Level Annotations

Branches:
Dungeon (1/15)

Altars:


Innate Abilities, Weirdness & Mutations

You have a somewhat thin skeletal structure. (Dex +2, Stealth)


Message History

No target in view!
An ooze comes into view.
The ooze quivers.
Firing (i - inventory)
d - 14 bolts (quivered)
Press: ? - help, Shift-Dir - straight line, f - ooze
Aim: an ooze You shoot a bolt.
The bolt hits the ooze!
The ooze is almost dead.
The ooze hits you. The ooze misses you.
An ooze is nearby!
Firing (i - inventory)
d - 13 bolts (quivered)
Press: ? - help, Shift-Dir - straight line, f/p - ooze
Aim: an ooze (almost dead)
You shoot a bolt. The bolt hits the ooze!
You kill the ooze!
You have reached level 3!
Your experience leads to an increase in your attributes!
Increase (S)trength, (I)ntelligence, or (D)exterity?
You feel clever.
Are you sure you want to abandon this character and quit the game? (Confirm with "yes".)

#.# #.# #.# ######.#
#[.....# ##..#####
##...#####
###........####
##...........@.#
#...........##(#
####.......###.# .#
................>..
..##†......##..##.#.
................
...#
..#..#.....##..#
....
..#........##..# .#
## ...........#


There were no monsters in sight!

Vanquished Creatures
  An ooze (D:1)
  A dart slug (D:1)
  A leopard gecko (D:1)
  2 giant cockroaches (D:1)
  2 goblins (D:1)
  5 hobgoblins (D:1)
  4 bats (D:1)
  3 frilled lizards (D:1)
  3 kobolds (D:1)
  2 rats (D:1)
24 creatures vanquished.

Notes
Turn   | Place    | Note
-------+----------+-------------------------------------------
     0 | D:1      | Iscandelvey the Demonspawn Arcane Marksman began the quest
                  | for the Orb.
     0 | D:1      | Reached XP level 1. HP: 15/15 MP: 2/2
   309 | D:1      | Gained mutation: You have a somewhat thin skeletal
                  | structure. (Dex +2, Stealth) [demonic ancestry]
   309 | D:1      | Reached XP level 2. HP: 21/21 MP: 3/3
   603 | D:1      | Reached XP level 3. HP: 21/26 MP: 4/4
   604 | D:1      | Quit the game

Skill      XL: |  1 |
---------------+----+-----
Crossbows      | 2 |  2.3
Fighting       | |  1.3
Dodging        | |  1.8
Spellcasting   | |  1.0
Hexes          | |  3.7

Action                   || total
-------------------------++-------
 Fire: Hand crossbow     ||    47
Armor: Robe              ||     1
Dodge: Dodged            ||     5
